 Dungeon Crawl Stone Soup version 0.31.0-12-g77e489cdc1 (webtiles) character file.

Game seed: 14221026240522383969

4376 Curundu the Cleaver (level 10, -3/90 HPs)
             Began as a Minotaur Berserker on Feb 21, 2024.
             Was an Elder of Trog.
             Killed from afar by an electric eel (7 damage)
             ... with a bolt of electricity
             ... on level 8 of the Dungeon on Feb 22, 2024.
             The game lasted 00:28:05 (7769 turns).

Curundu the Cleaver (Minotaur Berserker)            Turns: 7769, Time: 00:28:05

Health: -3/90      AC: 15    Str: 27    XL:     10   Next: 13%
Magic:  9/9        EV:  9    Int:  4    God:    Trog [****..]
Gold:   454        SH:  0    Dex:  9    Spells: 9/9 levels left

rFire   . . .        q - +0 broad axe
rCold   . . .        (no shield)
rNeg    . . .        v - +0 plate armour
rPois   .            r - +0 hat
rElec   .            (no cloak)
rCorr   .            (no gloves)
SInv    .            s - +0 pair of boots
Will    .....        (no amulet) Stlth
                     (no ring)
HPRegen 0.35/turn    (no ring)
MPRegen 0.11/turn

%: no passive effects
@: studying Throwing, very slow
A: horns 2, retaliatory headbutt
a: Renounce Religion, Berserk, Trog's Hand, Brothers in Arms


You were on level 8 of the Dungeon.
You worshipped Trog.
Trog was greatly pleased with you.
You visited 1 branch of the dungeon, and saw 8 of its levels.
You also visited: Sewer.

You collected 454 gold pieces.

Inventory:

Hand Weapons
 q - a +0 broad axe (weapon)
Missiles
 n - 6 boomerangs (quivered)
 w - 6 javelins
Armour
 r - a +0 hat (worn)
 s - a +0 pair of boots (worn)
 v - a +0 plate armour (worn)
Jewellery
 b - a ring of resist corrosion
 d - an amulet of magic regeneration
 f - a ring of positive energy
Wands
 a - a wand of charming (6)
 h - a wand of iceblast (19)
 i - a wand of digging (4)
 p - a wand of light (6)
 F - a wand of flame (25)
Scrolls
 e - 4 scrolls of teleportation
 o - a scroll of amnesia {unknown}
 z - a scroll of revelation
 A - 2 scrolls of blinking
Potions
 c - 2 potions of haste
 g - 2 potions of resistance
 j - a potion of might {unknown}
 k - 5 potions of enlightenment
 l - 3 potions of heal wounds
 t - a potion of invisibility {unknown}
 u - 3 potions of mutation
 B - a potion of brilliance {unknown}
 D - 2 potions of berserk rage
 E - 6 potions of curing


   Skills:
 + Level 8.6 Fighting
 + Level 11.8 Axes
 + Level 0.1 Throwing
 + Level 9.7 Armour
 + Level 5.3 Dodging
 + Level 1.8 Stealth


You had 9 spell levels left.
You didn't know any spells.
Your spell library was empty.

Dungeon Overview and Level Annotations

Branches:
Dungeon (8/15)             Temple (0/1) D:7           Sewer (visited)
   Lair: D:8-11

Altars:
Fedhas
The Shining One

Shops:
D:4 !


Innate Abilities, Weirdness & Mutations

You have a pair of horns on your head.
You reflexively headbutt those who attack you in melee.


Message History

The electric eel shoots out a bolt of lightning at you!
The bolt of electricity hits you!
You closely miss the electric eel. Your headbutt misses the electric eel.
Your unstable footing causes you to fumble your attack.
The electric eel shoots out a bolt of lightning at you!
The bolt of electricity hits you.
The electric eel shoots out a bolt of lightning at you!
The bolt of electricity hits you!
Your unstable footing causes you to fumble your attack.
You miss the electric eel. Your headbutt misses the electric eel.
The electric eel shoots out a bolt of lightning at you!
The bolt of electricity hits you.
Your unstable footing causes you to fumble your attack.
You feel the effects of Trog's Hand fading.
The electric eel shoots out a bolt of lightning at you!
The bolt of electricity hits you!
The electric eel shoots out a bolt of lightning at you!
The bolt of electricity hits you.
The electric eel shoots out a bolt of lightning at you!
The bolt of electricity hits you but does no damage.
The electric eel shoots out a bolt of lightning at you!
The bolt of electricity hits you but does no damage.
The electric eel shoots out a bolt of lightning at you!
The bolt of electricity hits you!
Your skin stops crawling.
You feel less strong-willed.
The electric eel shoots out a bolt of lightning at you!
The bolt of electricity misses you.
The electric eel shoots out a bolt of lightning at you!
The bolt of electricity hits you!
* * * LOW HITPOINT WARNING * * *
The electric eel shoots out a bolt of lightning at you!
The bolt of electricity hits you!
* * * LOW HITPOINT WARNING * * *
The electric eel shoots out a bolt of lightning at you!
The bolt of electricity hits you!
* * * LOW HITPOINT WARNING * * *
You see here an electric eel skeleton.
The electric eel shoots out a bolt of lightning at you!
The bolt of electricity hits you!
You die...

♣♣JS~♣ #.........#
~~≈~~~~~~~~♣#(........#
≈≈≈≈~~~♣~~~♣~....>....#
≈≈≈≈≈~~~~~~~~♣..###...#
≈≈≈≈S≈≈~~~~~~♣♣.# #####
≈≈≈≈S≈≈~~~~♣~♣..#
≈≈≈≈≈≈≈~~♣~~~♣..#
≈≈≈≈≈≈~~~♣~~♣♣#.#
≈≈≈≈P~~~S~÷@♣##.#
~~~~~~~~~~♣.....#
P~♣~~♣♣~♣♣#.##### ♣~~
♣.♣÷...# ♣♣ #....####
.....#### #####


You could see 2 electric eels.

Vanquished Creatures
  The ghost of LoggersVIII the Sneak, a novice OpEE (D:5)
  Grinder (D:5)
  A hornet (D:8)
  5 humans (D:8)
  A steam dragon (D:7)
  Edmund (D:4)
  2 water moccasins
  An orc warrior (D:7)
  A sky beast (D:7)
  3 ogres
  A centaur (D:5)
  2 phantoms
  5 bullfrogs
  4 scorpions
  4 wights (D:8)
  2 electric eels (D:8)
  2 bombardier beetles
  3 hounds
  6 jellies
  3 orc priests
  4 sleepcaps
  Ijyb (D:5)
  6 iguanas
  2 orc wizards (D:7)
  A mummy (D:5)
  4 gnolls (D:4)
  12 adders
  3 river rats (D:5)
  4 ufetubi
  5 dart slugs
  5 ribbon worms
  18 orcs
  5 bats
  7 endoplasms
  15 giant cockroaches
  6 goblins
  7 hobgoblins
  4 jackals
  4 quokkas
  9 ball pythons
  11 frilled lizards (Sewer)
  12 kobolds
  3 kobold zombies (D:5)
  An orc zombie (D:5)
  8 rats
206 creatures vanquished.

Notes
Turn   | Place    | Note
-------+----------+-------------------------------------------
     0 | D:1      | Curundu the Minotaur Berserker began the quest for the Orb.
     0 | D:1      | Reached XP level 1. HP: 19/19 MP: 0/0
   184 | D:1      | Reached skill level 4 in Axes
   184 | D:1      | Reached XP level 2. HP: 27/27 MP: 1/1
   764 | D:2      | Reached XP level 3. HP: 33/33 MP: 2/2
   831 | D:2      | Reached ** piety under Trog
   943 | D:2      | Found a faded altar of an unknown god.
  1276 | D:2      | Reached XP level 4. HP: 28/41 MP: 3/3
  1782 | D:3      | Found a glowing golden altar of the Shining One.
  2432 | D:4      | Reached XP level 5. HP: 47/47 MP: 4/4
  2452 | D:4      | Reached skill level 5 in Axes
  2458 | D:4      | Reached skill level 5 in Fighting
  2596 | D:4      | Reached XP level 6. HP: 50/56 MP: 5/5
  2642 | D:4      | Reached skill level 6 in Axes
  2730 | D:4      | Found Qegavoil's Distillery.
  2975 | D:4      | Noticed Edmund
  2987 | D:4      | Killed Edmund
  3329 | D:4      | Reached XP level 7. HP: 43/61 MP: 6/6
  3521 | D:5      | Entered Level 5 of the Dungeon
  3540 | D:5      | Reached skill level 5 in Armour
  3703 | D:5      | Reached skill level 7 in Axes
  3746 | D:5      | Reached *** piety under Trog
  3784 | D:5      | Found a glowing drain.
  3792 | Sewer    | Entered a sewer
  4515 | D:5      | Reached XP level 8. HP: 70/70 MP: 7/7
  4538 | D:5      | Found a blossoming altar of Fedhas.
  4613 | D:5      | Reached skill level 8 in Axes
  4678 | D:5      | Noticed Ijyb
  4692 | D:5      | Killed Ijyb
  4858 | D:5      | Reached **** piety under Trog
  4865 | D:5      | Noticed Grinder
  4865 | D:5      | Paralysed by Grinder for 2 turns
  4920 | D:5      | Killed Grinder
  4921 | D:5      | Reached skill level 9 in Axes
  4921 | D:5      | Reached skill level 1 in Stealth
  4995 | D:5      | Found a runed translucent gate.
  4995 | D:5      | Found a runed translucent gate.
  4995 | D:5      | Found a runed translucent gate.
  4996 | D:5      | Noticed LoggersVIII's ghost (novice OpEE)
  5085 | D:5      | Killed LoggersVIII's ghost
  5086 | D:5      | Reached XP level 9. HP: 79/79 MP: 8/8
  5439 | D:6      | Reached skill level 10 in Axes
  5635 | D:6      | Reached skill level 5 in Dodging
  6739 | D:7      | Found a staircase to the Ecumenical Temple.
  6816 | D:7      | Reached skill level 11 in Axes
  6985 | D:8      | Paralysed by a hornet for 1 turns
  7153 | D:8      | Reached XP level 10. HP: 71/90 MP: 9/9
  7768 | D:8      | HP: 4/90 [electric eel/bolt of electricity (9)]
  7769 | D:8      | Killed from afar by an electric eel

Illustrated notes

Levels and vault maps discovered:
D:1:      dpeg_arrival_more_subterranean_lakeside_camping, layout_basic
D:2:      layout_rooms, ebering_ecumenical_altar_sacrificial,
          kennysheep_generic_room_4
D:3:      layout_loops_ring, nicolae_tso_carved_into_rock, serial_bayou,
          serial_bayou_shore_b, serial_bayou_lagoon_b, serial_bayou_lagoon_a,
          serial_bayou_pond_a, minmay_misc_feat_enclosed, st_stairs_8
D:4:      layout_layer_cave, serial_shops, nicolae_shop_waterfront,
          serial_bayou_pond_e, uniq_edmund
D:5:      layout_loops_ring, overflow_temple_1_default, gammafunk_ghost_split,
          lightli_sewer_entry_pipes, minmay_mini_ossuary, uniq_grinder,
          uniq_ijyb
D:6:      layout_rooms
D:7:      layout_cave_pools, minmay_temple_entry_junction
D:8:      layout_basic, chequers_temple_overflow_minitemple, serial_bayou,
          serial_bayou_lake_a, serial_bayou_pond_d, serial_bayou_shore_b,
          serial_bayou_shore_a, minmay_ruffians

Skill      XL: |  1  2  3  4  5  6  7  8  9 |
---------------+----------------------------+-----
Axes           | 4 5 6 7 9 11 | 11.8
Fighting       | 4 5 6 7 8 |  8.6
Dodging        | 3 4 5 |  5.3
Armour         | 3 4 6 7 9 |  9.7
Stealth        | 1 |  1.8
Throwing       | |  0.1

Action                     |  1- 3 |  4- 6 |  7- 9 | 10-12 || total
---------------------------+-------+-------+-------+-------++-------
  Melee: Hand axe          |    77 |   107 |   154 |       ||   338
         Headbutt          |    12 |    14 |    50 |     1 ||    77
         Punch             |       |     1 |     2 |       ||     3
         War axe           |       |       |   125 |       ||   125
         Broad axe         |       |       |    35 |    34 ||    69
  Throw: Boomerang         |       |     1 |       |       ||     1
 Invoke: Trog's Hand       |       |     1 |     7 |     2 ||    10
         Berserk           |       |     1 |     2 |       ||     3
    Use: Scroll            |       |     4 |    14 |     2 ||    20
 Armour: Animal skin       |    45 |    19 |       |       ||    64
         Chain mail        |       |    62 |   262 |       ||   324
         Plate armour      |       |       |    29 |    49 ||    78
  Dodge: Dodged            |    58 |    63 |   180 |    18 ||   319
